[Event "FICS rated blitz game"]
[Site "FICS freechess.org"]
[FICSGamesDBGameNo "20000794"]
[White "westham"]
[Black "dorsch"]
[WhiteElo "1695"]
[BlackElo "1578"]
[WhiteRD "na"]
[BlackRD "na"]
[TimeControl "180+0"]
[Date "1999.06.05"]
[Time "11:40:00"]
[WhiteClock "0:03:00.000"]
[BlackClock "0:03:00.000"]
[ECO "C55"]
[PlyCount "73"]
[Result "1-0"]

1. e4 e5 2. d4 exd4 3. Nf3 Nc6 4. Bc4 Nf6 5. e5 d5 6. Bb5 Ne4 7. Nxd4 Bd7 8. Bxc6 bxc6 9. O-O Bc5 10. c3 O-O 11. Nd2 Ng5 12. N2f3 Ne4 13. Be3 Bg4 14. h3 Bh5 15. g4 Bg6 16. Qe2 Qe7 17. Kh2 Qd7 18. Nh4 h6 19. f3 Ng5 20. Bxg5 hxg5 21. Nhf5 Bxd4 22. Nxd4 Rae8 23. Rae1 c5 24. Nc2 Qe6 25. b3 Bxc2 26. Qxc2 Qh6 27. Kg3 Re6 28. Qf5 Qh4+ 29. Kg2 g6 30. Qc2 Kg7 31. Qf2 Qh7 32. Rh1 Rfe8 33. Qxc5 Rxe5 34. Qd4 f6 35. Rxe5 fxe5 36. Qxd5 Kh8 37. Re1 {Black forfeits on time} 1-0

[Event "FICS rated standard game"]
[Site "FICS freechess.org"]
[FICSGamesDBGameNo "20000792"]
[White "Nemva"]
[Black "domic"]
[WhiteElo "1457"]
[BlackElo "1697"]
[WhiteRD "na"]
[BlackRD "na"]
[TimeControl "900+0"]
[Date "1999.06.05"]
[Time "04:49:00"]
[WhiteClock "0:15:00.000"]
[BlackClock "0:15:00.000"]
[ECO "B70"]
[PlyCount "65"]
[Result "0-1"]

1. e4 c5 2. Nc3 d6 3. Nf3 Nf6 4. d4 cxd4 5. Nxd4 g6 6. Bd3 Bg7 7. Be3 O-O 8. h3 Nc6 9. Nxc6 bxc6 10. O-O Bb7 11. Qd2 c5 12. Rad1 Rc8 13. Bh6 c4 14. Bxg7 Kxg7 15. Nd5 Nxd5 16. exd5 cxd3 17. Qxd3 Qb6 18. Rfe1 Qc5 19. c3 Qc4 20. Qxc4 Rxc4 21. b3 Rxc3 22. b4 Rfc8 23. b5 R3c5 24. a4 Rxd5 25. Rb1 Rc2 26. Rxe7 Bc8 27. Rxa7 Rdd2 28. Rf1 Bf5 29. b6 Bd3 30. b7 Rb2 31. Rd1 Rxd1+ 32. Kh2 Rdd2 33. Ra8 {White resigns} 0-1

[Event "FICS rated blitz game"]
[Site "FICS freechess.org"]
[FICSGamesDBGameNo "20000790"]
[White "pxpep"]
[Black "cokeking"]
[WhiteElo "1588"]
[BlackElo "1508"]
[WhiteRD "na"]
[BlackRD "na"]
[TimeControl "180+0"]
[Date "1999.06.04"]
[Time "17:04:00"]
[WhiteClock "0:03:00.000"]
[BlackClock "0:03:00.000"]
[ECO "C20"]
[PlyCount "30"]
[Result "0-1"]

1. e4 e5 2. c4 Nc6 3. d3 Nf6 4. a3 Nd4 5. b4 c6 6. Nc3 d5 7. exd5 cxd5 8. c5 b6 9. Nf3 bxc5 10. Nxe5 cxb4 11. axb4 Bxb4 12. Qa4+ Bd7 13. Nxd7 Qxd7 14. Qxd7+ Kxd7 15. Bd2 Nc2+ {White resigns} 0-1

[Event "FICS rated blitz game"]
[Site "FICS freechess.org"]
[FICSGamesDBGameNo "20000789"]
[White "aapp"]
[Black "KaroKannDoch"]
[WhiteElo "1675"]
[BlackElo "1820"]
[WhiteRD "na"]
[BlackRD "na"]
[TimeControl "240+0"]
[Date "1999.06.04"]
[Time "09:59:00"]
[WhiteClock "0:04:00.000"]
[BlackClock "0:04:00.000"]
[ECO "B15"]
[PlyCount "46"]
[Result "0-1"]

1. e4 g6 2. d4 c6 3. Nc3 d5 4. e5 Bf5 5. Bd3 Bxd3 6. Qxd3 e6 7. f4 h5 8. Nf3 Nh6 9. O-O Nf5 10. Ng5 Qb6 11. Ne2 c5 12. b3 cxd4 13. Bb2 Nc6 14. Rac1 Be7 15. c4 dxc3+ 16. Kh1 cxb2 17. Rb1 Bxg5 18. fxg5 h4 19. h3 Kf8 20. Rxb2 Kg7 21. g4 hxg3 22. Nxg3 Rxh3+ 23. Kg2 Rxg3+ {White resigns} 0-1

[Event "FICS rated blitz game"]
[Site "FICS freechess.org"]
[FICSGamesDBGameNo "20000788"]
[White "pimkees"]
[Black "Kobor"]
[WhiteElo "1336"]
[BlackElo "1507"]
[WhiteRD "na"]
[BlackRD "na"]
[TimeControl "180+0"]
[Date "1999.06.04"]
[Time "08:31:00"]
[WhiteClock "0:03:00.000"]
[BlackClock "0:03:00.000"]
[ECO "B12"]
[PlyCount "90"]
[Result "0-1"]

1. e4 c6 2. d4 d5 3. e5 Bf5 4. Nc3 e6 5. Bd3 Ne7 6. Nf3 c5 7. dxc5 Bxd3 8. Qxd3 Nf5 9. Be3 Be7 10. O-O Nc6 11. Rab1 O-O 12. a3 Nxe3 13. Qxe3 d4 14. Qe4 dxc3 15. bxc3 Qc7 16. Rfd1 Bxc5 17. Qc4 Nxe5 18. Nxe5 Qxe5 19. Rxb7 Rfd8 20. Rxd8+ Rxd8 21. Rb1 Qf5 22. Qe2 Bxa3 23. Rb3 Bc5 24. h3 Bxf2+ 25. Qxf2 Rd1+ 26. Kh2 Qe5+ 27. Qg3 Qxg3+ 28. Kxg3 Rd8 29. c4 Kf8 30. Rb7 Ra8 31. c5 Ke8 32. c6 a5 33. c7 Rc8 34. Rb8 Kd7 35. Ra8 Rxc7 36. Rxa5 Rxc2 37. Ra7+ Rc7 38. Ra8 g6 39. Rh8 h5 40. Kh4 Kd6 41. Rd8+ Ke5 42. Rf8 Kf6 43. g4 Rc4 44. Kg3 hxg4 45. hxg4 g5 {White forfeits on time} 0-1

[Event "FICS rated lightning game"]
[Site "FICS freechess.org"]
[FICSGamesDBGameNo "20000787"]
[White "bazak"]
[Black "lucio"]
[WhiteElo "1526"]
[BlackElo "1747"]
[WhiteRD "na"]
[BlackRD "na"]
[TimeControl "120+0"]
[Date "1999.06.04"]
[Time "07:47:00"]
[WhiteClock "0:02:00.000"]
[BlackClock "0:02:00.000"]
[ECO "B00"]
[PlyCount "91"]
[Result "1-0"]

1. e4 b6 2. Bc4 Bb7 3. Nc3 Nf6 4. d3 e6 5. Nf3 Be7 6. O-O h6 7. Be3 d5 8. exd5 Nxd5 9. Nxd5 Bxd5 10. Bxd5 Qxd5 11. Qd2 c5 12. b3 Nd7 13. c4 Qc6 14. Rad1 O-O 15. Rfe1 Rad8 16. Bxh6 gxh6 17. Qxh6 Bf6 18. Re4 Qxe4 19. dxe4 Bg7 20. Qg5 Nf6 21. Rxd8 Rxd8 22. h4 Rd1+ 23. Kh2 Nxe4 24. Qe7 Nxf2 25. Qe8+ Kh7 26. Qxf7 Ng4+ 27. Kg3 Nh6 28. Qxe6 Rd3 29. Qe4+ Kh8 30. Qxd3 Nf7 31. Qg6 Kg8 32. Ng5 Nxg5 33. Qxg5 Kf8 34. Qd8+ Kf7 35. Qd7+ Kg6 36. Qxa7 Be5+ 37. Kg4 Bd4 38. Qxb6+ Kf7 39. Qc7+ Kf6 40. Qf4+ Kg7 41. Qg5+ Kf7 42. h5 Ke6 43. Qg6+ Ke5 44. h6 Be3 45. h7 Kd4 46. h8=Q# {Black checkmated} 1-0

[Event "FICS rated blitz game"]
[Site "FICS freechess.org"]
[FICSGamesDBGameNo "20000785"]
[White "Hatchetman"]
[Black "bradcj"]
[WhiteElo "1691"]
[BlackElo "1539"]
[WhiteRD "na"]
[BlackRD "na"]
[TimeControl "300+0"]
[Date "1999.06.04"]
[Time "01:12:00"]
[WhiteClock "0:05:00.000"]
[BlackClock "0:05:00.000"]
[ECO "B05"]
[PlyCount "103"]
[Result "1-0"]

1. e4 Nf6 2. e5 Nd5 3. d4 d6 4. c4 Nb6 5. Nf3 Bg4 6. Be2 c6 7. exd6 exd6 8. Qb3 Be7 9. Nc3 Qc7 10. Bf4 Qd7 11. O-O O-O 12. Rad1 Na6 13. Rfe1 Bxf3 14. Bxf3 Nc7 15. Re2 Ne6 16. Bg3 Bf6 17. Bxd6 Nxd4 18. Bxf8 Nxe2+ 19. Nxe2 Qf5 20. Ng3 Qe5 21. Bd6 Qxb2 22. Qxb2 Bxb2 23. c5 Nc4 24. Nf5 Re8 25. g3 Ba3 26. Rd3 g6 27. Ne7+ Kg7 28. Nxc6 bxc6 29. Bxc6 Re1+ 30. Kg2 Bb2 31. Bd5 Ne5 32. Bxe5+ Bxe5 33. c6 Bc7 34. Bb3 Rc1 35. Rd7 Rxc6 36. Rxf7+ Kh6 37. h4 Bb6 38. g4 Rc7 39. Rxc7 Bxc7 40. Bd5 Kg7 41. f3 h6 42. Kf2 g5 43. h5 Kf6 44. Ke3 Ke5 45. Be4 Bb6+ 46. Kd3 Kf4 47. a4 Ke5 48. Kc4 Kd6 49. Kb5 Be3 50. a5 Bd4 51. a6 Ke5 52. Kc6 {Black forfeits on time} 1-0

[Event "FICS rated standard game"]
[Site "FICS freechess.org"]
[FICSGamesDBGameNo "20000784"]
[White "Jidan"]
[Black "jedsaraiva"]
[WhiteElo "1525"]
[BlackElo "1553"]
[WhiteRD "na"]
[BlackRD "na"]
[TimeControl "2700+0"]
[Date "1999.06.03"]
[Time "19:23:00"]
[WhiteClock "0:45:00.000"]
[BlackClock "0:45:00.000"]
[ECO "C44"]
[PlyCount "96"]
[Result "0-1"]

1. e4 e5 2. Nf3 Nf6 3. d3 Nc6 4. g3 d5 5. Nbd2 Bc5 6. Bg2 Ng4 7. O-O O-O 8. c3 d4 9. cxd4 Nxd4 10. Nxd4 Bxd4 11. Nf3 Qd6 12. Nxd4 exd4 13. a3 Re8 14. b4 f5 15. exf5 Bxf5 16. Bxb7 Rab8 17. Bf4 Qf6 18. Bf3 Ne5 19. Bxe5 Rxe5 20. Qb3+ Be6 21. Qc2 Qxf3 22. Qxc7 Rf8 23. Qxe5 Bd5 24. Qxd5+ Qxd5 25. Rac1 Qb3 26. Rc4 Qxd3 27. Rc7 Qxa3 28. b5 Qa4 29. Re1 Qxb5 30. Ree7 Qb1+ 31. Kg2 Qg6 32. Rxa7 d3 33. Red7 Qe4+ 34. Kg1 Qe1+ 35. Kg2 Qxf2+ 36. Kh3 Qxa7 37. Rxa7 Rd8 38. Ra1 Kf7 39. Rd1 Ke6 40. Kg2 Ke5 41. Kf3 Kd4 42. Kf2 Re8 43. Re1 Rxe1 44. Kxe1 Kc3 45. Kd1 h5 46. h3 d2 47. g4 hxg4 48. hxg4 g5 {White resigns} 0-1

[Event "FICS rated blitz game"]
[Site "FICS freechess.org"]
[FICSGamesDBGameNo "20000781"]
[White "Alenichev"]
[Black "Dogger"]
[WhiteElo "1518"]
[BlackElo "1553"]
[WhiteRD "na"]
[BlackRD "na"]
[TimeControl "180+0"]
[Date "1999.06.03"]
[Time "12:32:00"]
[WhiteClock "0:03:00.000"]
[BlackClock "0:03:00.000"]
[ECO "B00"]
[PlyCount "66"]
[Result "0-1"]

1. e4 b6 2. d4 Bb7 3. d5 e6 4. c4 Bb4+ 5. Nc3 Qe7 6. Be2 exd5 7. exd5 Nf6 8. Nf3 O-O 9. O-O Bc5 10. Bg5 h6 11. Bh4 g5 12. Bg3 d6 13. Re1 Qd7 14. Rc1 b5 15. b3 b4 16. Nb5 Ne4 17. Nbd4 Nc3 18. Rxc3 bxc3 19. Qc2 Qg4 20. Qxc3 Bc8 21. Nb5 Na6 22. Nfd4 Qd7 23. Nc6 f5 24. Nbd4 Qg7 25. Ne6 Bxe6 26. Qxg7+ Kxg7 27. dxe6 Rae8 28. Bd3 f4 29. e7 Rf7 30. Bxf4 gxf4 31. Kh1 Nb4 32. Bb1 Nxc6 33. Re6 Ne5 {White resigns} 0-1

[Event "FICS rated blitz game"]
[Site "FICS freechess.org"]
[FICSGamesDBGameNo "20000780"]
[White "zmike"]
[Black "Penseroso"]
[WhiteElo "1274"]
[BlackElo "1341"]
[WhiteRD "na"]
[BlackRD "na"]
[TimeControl "120+12"]
[Date "1999.06.03"]
[Time "10:37:00"]
[WhiteClock "0:02:00.000"]
[BlackClock "0:02:00.000"]
[ECO "B20"]
[PlyCount "133"]
[Result "1-0"]

1. e4 c5 2. Bc4 g6 3. Nf3 Bg7 4. Kf1 d6 5. d3 Nc6 6. Nc3 Bd7 7. Be3 Nf6 8. Bg5 O-O 9. a3 a6 10. h3 Na7 11. d4 b5 12. Be2 cxd4 13. Nxd4 Nc6 14. Nf3 Ne8 15. Rb1 Nc7 16. Nd5 Ne6 17. Bh4 Nc7 18. Nxe7+ Nxe7 19. Qxd6 Re8 20. Rd1 Be6 21. Qxd8 Raxd8 22. Rxd8 Rxd8 23. Bxe7 Rd7 24. Bb4 Bxb2 25. Kg1 Ne8 26. Kh2 a5 27. Bxa5 Bxa3 28. Rb1 Bd6+ 29. g3 Ra7 30. Rxb5 Bd7 31. Rd5 Nf6 32. Rxd6 Rxa5 33. Rxf6 Kg7 34. Rd6 Be6 35. h4 Rc5 36. c4 Bxc4 37. Bxc4 Rxc4 38. e5 Re4 39. Rd5 Re2 40. Ng5 Rxf2+ 41. Kh3 h6 42. Ne4 Re2 43. Nc5 h5 44. Nd3 Rd2 45. g4 hxg4+ 46. Kxg4 Kf8 47. Kg5 Ke7 48. h5 gxh5 49. Kxh5 Ke6 50. Rd8 Rh2+ 51. Kg5 Rg2+ 52. Kf4 f6 53. Nc5+ Ke7 54. Rd7+ Ke8 55. exf6 Rf2+ 56. Kg5 Rg2+ 57. Kf5 Rf2+ 58. Ke5 Re2+ 59. Kf5 Rf2+ 60. Ke5 Re2+ 61. Kd5 Rd2+ 62. Kc6 Rxd7 63. Nxd7 Kf7 64. Kd6 Ke8 65. Ke6 Kd8 66. f7 Kc7 67. f8=Q {Black resigns} 1-0

[Event "FICS rated blitz game"]
[Site "FICS freechess.org"]
[FICSGamesDBGameNo "20000779"]
[White "SergeZ"]
[Black "Zola"]
[WhiteElo "1683"]
[BlackElo "1660"]
[WhiteRD "na"]
[BlackRD "na"]
[TimeControl "240+0"]
[Date "1999.06.03"]
[Time "10:32:00"]
[WhiteClock "0:04:00.000"]
[BlackClock "0:04:00.000"]
[ECO "C02"]
[PlyCount "124"]
[Result "1-0"]

1. e4 e6 2. d4 d5 3. e5 c5 4. c3 Nc6 5. Nf3 Qb6 6. Bd3 Bd7 7. dxc5 Bxc5 8. O-O a5 9. Nbd2 Qc7 10. Nb3 Qb6 11. Nxc5 Qxc5 12. Be3 Qe7 13. Bg5 Qc5 14. Qc2 h6 15. Be3 Qe7 16. Nd2 Qd8 17. f4 Nge7 18. Nf3 Rc8 19. Rad1 Nb4 20. Qb1 Nxd3 21. Qxd3 Nf5 22. Nd4 Nxd4 23. Qxd4 Qc7 24. f5 Qc4 25. Qd2 Qe4 26. f6 g5 27. Bd4 Qg6 28. Bb6 a4 29. Qd4 O-O 30. Bc5 Rfe8 31. Bd6 Rc4 32. Qf2 Bc6 33. Rfe1 Ra8 34. Re3 Re4 35. Rde1 Rxe3 36. Qxe3 Qc2 37. Re2 Qb1+ 38. Kf2 Qf5+ 39. Qf3 Qxf3+ 40. Kxf3 Ra6 41. Ke3 Bb5 42. Rd2 Bc4 43. a3 Rc6 44. Rd4 b5 45. g3 Kh7 46. h4 Kg6 47. Kf3 Bb3 48. hxg5 hxg5 49. Ke3 Rc4 50. Rxc4 Bxc4 51. Kf2 Kf5 52. Ke3 Bb3 53. Kf2 g4 54. Ke3 Bc4 55. Bc5 Kg5 56. Bd6 Kf5 57. Bc7 Bb3 58. Bd6 Bc4 59. Bb8 Bb3 60. Kd4 Bc4 61. Bd6 Bb3 62. Bf8 Bc4 {Black forfeits on time} 1-0

[Event "FICS rated blitz game"]
[Site "FICS freechess.org"]
[FICSGamesDBGameNo "20000778"]
[White "Dipsy"]
[Black "ros"]
[WhiteElo "1524"]
[BlackElo "1603"]
[WhiteRD "na"]
[BlackRD "na"]
[TimeControl "180+0"]
[Date "1999.06.03"]
[Time "10:01:00"]
[WhiteClock "0:03:00.000"]
[BlackClock "0:03:00.000"]
[ECO "C52"]
[PlyCount "87"]
[Result "1-0"]

1. e4 e5 2. Nf3 Nc6 3. Bc4 Bc5 4. b4 Bxb4 5. c3 Ba5 6. d4 exd4 7. O-O d6 8. Qb3 Qe7 9. Ba3 Bxc3 10. Nxc3 dxc3 11. Rfe1 Be6 12. Qxb7 Bxc4 13. Qxa8+ Nd8 14. e5 Be6 15. exd6 cxd6 16. Rad1 Nf6 17. Rxd6 O-O 18. Ra6 Qb7 19. Qxb7 Nxb7 20. Bxf8 Kxf8 21. Rxa7 Nd6 22. Ra8+ Nde8 23. Nd4 Nd5 24. Nxe6+ fxe6 25. Rxe6 Kf7 26. Rexe8 Nf6 27. Rf8+ Kg6 28. Rac8 Nd5 29. Rc5 c2 30. Rxc2 Nb4 31. Rc6+ Kg5 32. Rb6 Nd5 33. Ra6 Nc7 34. Ra5+ Kg6 35. Rc8 Ne6 36. Rc6 Kf7 37. Ra7+ Ke8 38. Rc8+ Nd8 39. Raa8 Kd7 40. Rxd8+ Kc7 41. Rac8+ Kb7 42. Rc4 Kb6 43. Rb8+ Ka7 44. Rb3 {Black forfeits on time} 1-0

[Event "FICS rated blitz game"]
[Site "FICS freechess.org"]
[FICSGamesDBGameNo "20000777"]
[White "Brx"]
[Black "tame"]
[WhiteElo "1290"]
[BlackElo "1165"]
[WhiteRD "na"]
[BlackRD "na"]
[TimeControl "180+12"]
[Date "1999.06.03"]
[Time "09:37:00"]
[WhiteClock "0:03:00.000"]
[BlackClock "0:03:00.000"]
[ECO "A40"]
[PlyCount "65"]
[Result "1-0"]

1. d4 Nc6 2. Nf3 d5 3. c4 dxc4 4. e4 e5 5. d5 Bg4 6. dxc6 Qxd1+ 7. Kxd1 O-O-O+ 8. Kc2 bxc6 9. Bxc4 Nf6 10. Nc3 Bb4 11. Re1 Rd7 12. a3 Ba5 13. b4 Bb6 14. Be3 Bxf3 15. gxf3 Rhd8 16. Bxb6 Rd2+ 17. Kb3 cxb6 18. Re2 R2d4 19. Bxf7 a5 20. Rc2 Kc7 21. Nb5+ Kb7 22. Nxd4 Rxd4 23. Rac1 Rd3+ 24. Rc3 Rd7 25. Be6 Rd4 26. Rxc6 Rd3+ 27. R6c3 Rd6 28. Rc7+ Ka6 29. Bc4+ b5 30. Bf7 Rd3+ 31. R1c3 a4+ 32. Kb2 Rd2+ 33. Kc1 {Black forfeits on time} 1-0

[Event "FICS rated blitz game"]
[Site "FICS freechess.org"]
[FICSGamesDBGameNo "20000776"]
[White "bepo"]
[Black "pissas"]
[WhiteElo "1518"]
[BlackElo "1152"]
[WhiteRD "na"]
[BlackRD "na"]
[TimeControl "300+0"]
[Date "1999.06.03"]
[Time "07:22:00"]
[WhiteClock "0:05:00.000"]
[BlackClock "0:05:00.000"]
[ECO "D21"]
[PlyCount "53"]
[Result "1-0"]

1. d4 d5 2. c4 dxc4 3. Nf3 b6 4. e3 Bb7 5. Bxc4 Bxf3 6. Qxf3 e6 7. Qxa8 Bb4+ 8. Bd2 a5 9. Bb5+ Nc6 10. Bxc6+ Ke7 11. Qxd8+ Kxd8 12. Bxb4 axb4 13. Nd2 Nf6 14. O-O h6 15. Rfc1 Nd5 16. Bxd5 exd5 17. Rc6 Kd7 18. Rac1 f6 19. Rxc7+ Kd6 20. R7c6+ Kd7 21. Rxb6 Rc8 22. Rxc8 Kxc8 23. Rxb4 Kc7 24. a4 Kc6 25. a5 g5 26. a6 Kd6 27. a7 {Black resigns} 1-0

[Event "FICS rated blitz game"]
[Site "FICS freechess.org"]
[FICSGamesDBGameNo "20000775"]
[White "theoric"]
[Black "jrt"]
[WhiteElo "1957"]
[BlackElo "2011"]
[WhiteRD "na"]
[BlackRD "na"]
[TimeControl "180+0"]
[Date "1999.06.03"]
[Time "07:02:00"]
[WhiteClock "0:03:00.000"]
[BlackClock "0:03:00.000"]
[ECO "B06"]
[PlyCount "56"]
[Result "0-1"]

1. d4 g6 2. e4 Bg7 3. Nc3 d6 4. Be3 c6 5. Qd2 b5 6. Bd3 a5 7. Nf3 Nd7 8. d5 b4 9. dxc6 bxc3 10. cxd7+ Bxd7 11. bxc3 Nf6 12. Bh6 O-O 13. Bxg7 Kxg7 14. O-O Qc7 15. Rfe1 Rfc8 16. e5 dxe5 17. Nxe5 Be6 18. c4 Rd8 19. Qc3 Rac8 20. Rab1 h5 21. h3 Kg8 22. Qa1 Rd6 23. Re3 Rcd8 24. Rg3 h4 25. Rf3 Rd4 26. Ng4 Nxg4 27. hxg4 Bxg4 28. Rb5 Bxf3 {White resigns} 0-1

[Event "FICS rated blitz game"]
[Site "FICS freechess.org"]
[FICSGamesDBGameNo "20000774"]
[White "polleke"]
[Black "Aker"]
[WhiteElo "1450"]
[BlackElo "1631"]
[WhiteRD "na"]
[BlackRD "na"]
[TimeControl "120+12"]
[Date "1999.06.03"]
[Time "06:39:00"]
[WhiteClock "0:02:00.000"]
[BlackClock "0:02:00.000"]
[ECO "C28"]
[PlyCount "37"]
[Result "0-1"]

1. e4 e5 2. Bc4 Nc6 3. d3 Nf6 4. Nc3 d6 5. Nge2 Be7 6. O-O O-O 7. f4 Be6 8. Bb3 Bxb3 9. axb3 a6 10. Be3 d5 11. fxe5 Nxe5 12. Bd4 Nc6 13. Ng3 Nxd4 14. exd5 Nxd5 15. Nce4 Nf6 16. Kh1 Nxe4 17. Nxe4 Ne6 18. Qf3 c6 19. Ra5 {White resigns} 0-1

[Event "FICS rated lightning game"]
[Site "FICS freechess.org"]
[FICSGamesDBGameNo "20000773"]
[White "rusty"]
[Black "Potzblitz"]
[WhiteElo "1963"]
[BlackElo "1986"]
[WhiteRD "na"]
[BlackRD "na"]
[TimeControl "60+0"]
[Date "1999.06.03"]
[Time "04:03:00"]
[WhiteClock "0:01:00.000"]
[BlackClock "0:01:00.000"]
[ECO "A40"]
[PlyCount "108"]
[Result "0-1"]

1. d4 c6 2. c3 g6 3. Nf3 Bg7 4. Bg5 h6 5. Bh4 d5 6. e3 Bg4 7. Bd3 Nd7 8. O-O e5 9. Nbd2 Qxh4 10. Nxh4 Bxd1 11. Raxd1 e4 12. Be2 Ne7 13. g3 g5 14. Ng2 f5 15. f3 O-O 16. fxe4 fxe4 17. Rxf8+ Rxf8 18. Rf1 Nc8 19. Rxf8+ Kxf8 20. Bg4 Ke7 21. h4 Nd6 22. hxg5 hxg5 23. Kf2 Nf6 24. Be2 Nf5 25. Nb1 b6 26. a3 Kd6 27. a4 a5 28. b4 axb4 29. cxb4 c5 30. bxc5+ bxc5 31. dxc5+ Kxc5 32. Nc3 d4 33. exd4+ Nxd4 34. Bb5 Nd5 35. Nxd5 Kxd5 36. Bd7 Kd6 37. Be8 Ne6 38. Ke3 Nc5 39. Ne1 Kd5 40. Nc2 Kc4 41. Bb5+ Kb3 42. Nd4+ Kb4 43. Ne6 Bf6 44. Nxc5 Kxc5 45. Kxe4 Kb6 46. Kf5 Bd8 47. g4 Kc5 48. Ke6 Kd4 49. Kd7 Ba5 50. Ke6 Ke4 51. Kf6 Bd8+ 52. Kg6 Kf4 53. Kh5 Ba5 54. Bc6 Bb6 {White resigns} 0-1

[Event "FICS rated blitz game"]
[Site "FICS freechess.org"]
[FICSGamesDBGameNo "20000772"]
[White "Rippy"]
[Black "Saki"]
[WhiteElo "1824"]
[BlackElo "1829"]
[WhiteRD "na"]
[BlackRD "na"]
[TimeControl "180+0"]
[Date "1999.06.03"]
[Time "01:14:00"]
[WhiteClock "0:03:00.000"]
[BlackClock "0:03:00.000"]
[ECO "A40"]
[PlyCount "89"]
[Result "1-0"]

1. d4 b5 2. e4 a6 3. Bd3 e6 4. Nf3 c5 5. c3 Bb7 6. O-O Nf6 7. Qe2 Nc6 8. Bg5 Be7 9. Nbd2 cxd4 10. Rfe1 dxc3 11. bxc3 Na5 12. Nb3 Rc8 13. Nxa5 Qxa5 14. Bd2 Qc7 15. Rac1 O-O 16. e5 Nd5 17. Qe4 g6 18. Bh6 Rfd8 19. Bg5 Bxg5 20. Nxg5 Ne7 21. Qh4 h5 22. g4 Qc6 23. Be4 Qb6 24. Bxb7 Qxb7 25. gxh5 Nf5 26. Qh3 Kf8 27. hxg6 Ke7 28. Nxf7 Rg8 29. Qh5 Rg7 30. Qg5+ Kf8 31. h4 Nxh4 32. Qxh4 Rxg6+ 33. Kf1 Kxf7 34. Qf4+ Ke7 35. Qh4+ Kf7 36. Qh7+ Rg7 37. Qh5+ Rg6 38. Re3 Rg8 39. Rf3+ Qxf3 40. Qxf3+ Ke7 41. Ke2 Rf8 42. Qe3 Rf5 43. Rh1 Rgg5 44. Rh7+ Kf8 45. f4 {Black forfeits on time} 1-0

[Event "FICS rated lightning game"]
[Site "FICS freechess.org"]
[FICSGamesDBGameNo "20000771"]
[White "Rocinant"]
[Black "Pirata"]
[WhiteElo "1921"]
[BlackElo "1778"]
[WhiteRD "na"]
[BlackRD "na"]
[TimeControl "60+0"]
[Date "1999.06.02"]
[Time "15:46:00"]
[WhiteClock "0:01:00.000"]
[BlackClock "0:01:00.000"]
[ECO "C77"]
[PlyCount "96"]
[Result "0-1"]

1. e4 e5 2. Nf3 Nc6 3. Bb5 d6 4. d3 Nf6 5. c3 a6 6. Ba4 b5 7. Bc2 Be6 8. Nbd2 Be7 9. Nf1 Qd7 10. h3 b4 11. Ng3 bxc3 12. bxc3 d5 13. Qe2 dxe4 14. dxe4 Rd8 15. Be3 O-O 16. O-O Qc8 17. Rfd1 Rd2 18. Rxd2 Na5 19. Rad1 Bc4 20. Bd3 Be6 21. Bxa6 Qb8 22. Nf5 Bxf5 23. exf5 Bd6 24. Bd3 e4 25. Bxe4 Nxe4 26. Rd4 Nxc3 27. Qd3 Nxd1 28. Qxd1 Nc6 29. Rd3 Nb4 30. Rd2 Nc6 31. Nd4 Ne5 32. Qb3 Qa8 33. f3 Rb8 34. Qc3 Rb1+ 35. Kf2 Qd8 36. Qc2 Rb8 37. Nc6 Qh4+ 38. g3 Qxh3 39. Nxb8 Qh2+ 40. Kf1 Qh1+ 41. Bg1 Qh2 42. Rxh2 Nxf3 43. Qc6 Nxg1 44. Kxg1 Bf8 45. Qe8 h6 46. Nd7 g6 47. Nxf8 Kg7 48. Ne6+ Kf6 {White forfeits on time} 0-1

[Event "FICS rated blitz game"]
[Site "FICS freechess.org"]
[FICSGamesDBGameNo "20000769"]
[White "Tuvak"]
[Black "ARF"]
[WhiteElo "1118"]
[BlackElo "1103"]
[WhiteRD "na"]
[BlackRD "na"]
[TimeControl "420+0"]
[Date "1999.06.02"]
[Time "15:13:00"]
[WhiteClock "0:07:00.000"]
[BlackClock "0:07:00.000"]
[ECO "B01"]
[PlyCount "91"]
[Result "1-0"]

1. e4 d5 2. exd5 Qxd5 3. Nc3 Qd8 4. g3 e5 5. Bg2 c6 6. d3 Na6 7. Ne4 Bc5 8. Ne2 Qb6 9. Nxc5 Qxc5 10. O-O Nf6 11. d4 exd4 12. Qxd4 Qxc2 13. Qe3+ Be6 14. Nc3 O-O 15. Be4 Ng4 16. Qg5 f6 17. Bxc2 fxg5 18. Bxg5 Nc5 19. Be7 Rfe8 20. Bxc5 b6 21. Bd4 g6 22. Rae1 Bd7 23. Rxe8+ Rxe8 24. Bd3 c5 25. Be3 Rd8 26. Bg5 Rc8 27. Nd5 c4 28. Ne7+ Kg7 29. Nxc8 Bxc8 30. Bxc4 Ne5 31. Bb5 h6 32. Bf4 Nf3+ 33. Kg2 Nd4 34. Be8 Bf5 35. Be5+ Kf8 36. Bxd4 Kxe8 37. Re1+ Kf7 38. a4 Bd3 39. b4 h5 40. a5 b5 41. Bxa7 Kf6 42. Bb6 Kf5 43. a6 Kg4 44. a7 g5 45. a8=Q Kf5 46. Qf3+ {Black resigns} 1-0

[Event "FICS rated blitz game"]
[Site "FICS freechess.org"]
[FICSGamesDBGameNo "20000768"]
[White "gambitkiller"]
[Black "babalino"]
[WhiteElo "1822"]
[BlackElo "1943"]
[WhiteRD "na"]
[BlackRD "na"]
[TimeControl "120+12"]
[Date "1999.06.02"]
[Time "13:39:00"]
[WhiteClock "0:02:00.000"]
[BlackClock "0:02:00.000"]
[ECO "B02"]
[PlyCount "96"]
[Result "0-1"]

1. e4 Nf6 2. Nc3 d5 3. e5 Ne4 4. d4 Nxc3 5. bxc3 c5 6. f4 h5 7. Nf3 Bg4 8. Be2 e6 9. O-O Nc6 10. h3 Bxf3 11. Bxf3 g6 12. Ba3 Qa5 13. Bb2 Bh6 14. c4 dxc4 15. Bxc6+ bxc6 16. dxc5 Qxc5+ 17. Bd4 Qd5 18. c3 O-O 19. Qf3 Rfd8 20. Rab1 c5 21. Be3 Qxf3 22. Rxf3 Rd3 23. Bc1 Rxf3 24. gxf3 Rd8 25. Kf2 Rd1 26. Rb8+ Kg7 27. Be3 Rc1 28. Bxc5 Rxc3 29. Be7 Kh7 30. Bf6 Bg7 31. Bxg7 Kxg7 32. a4 Rc2+ 33. Kg3 Ra2 34. Rb4 c3 35. Rc4 c2 36. Kh4 Kh6 37. Kg3 a5 38. h4 Kg7 39. Rc8 Rb2 40. Rc5 Kf8 41. Rc7 Ke8 42. f5 exf5 43. Kf4 Kd8 44. Rc3 Ke7 45. Rc7+ Ke6 46. Rc6+ Kd5 47. Rc8 Rb4+ 48. Kg5 Rc4 {White resigns} 0-1

[Event "FICS rated blitz game"]
[Site "FICS freechess.org"]
[FICSGamesDBGameNo "20000767"]
[White "franky"]
[Black "APe"]
[WhiteElo "1710"]
[BlackElo "1766"]
[WhiteRD "na"]
[BlackRD "na"]
[TimeControl "180+0"]
[Date "1999.06.02"]
[Time "12:35:00"]
[WhiteClock "0:03:00.000"]
[BlackClock "0:03:00.000"]
[ECO "C10"]
[PlyCount "100"]
[Result "1/2-1/2"]

1. e4 e6 2. d4 d5 3. Nd2 dxe4 4. Nxe4 Nd7 5. Nf3 Ngf6 6. Nxf6+ Nxf6 7. Ne5 Bd6 8. Bg5 h6 9. Bxf6 Qxf6 10. Nf3 b6 11. Bb5+ Bd7 12. Bxd7+ Kxd7 13. Qe2 Rhd8 14. O-O-O Ke7 15. Kb1 Kf8 16. Ne5 Bxe5 17. dxe5 Qf5 18. Rd3 Rxd3 19. cxd3 Rd8 20. Kc2 Qf4 21. Qe3 Qa4+ 22. Kb1 Qb5 23. Rd1 Ke7 24. d4 Rd5 25. Qd3 Qxd3+ 26. Rxd3 c5 27. Kc2 cxd4 28. f4 f6 29. exf6+ gxf6 30. Ra3 a5 31. Kd3 e5 32. fxe5 fxe5 33. Rb3 b5 34. Ke4 Ke6 35. Rh3 Rc5 36. Rxh6+ Ke7 37. Rh5 Ke6 38. Rh6+ Ke7 39. Ra6 Rc2 40. Kxe5 Rxg2 41. Kxd4 Rxh2 42. Kc5 Rxb2 43. Rxa5 b4 44. Kc4 Kd6 45. Ra4 Kc6 46. Ra6+ Kb7 47. Ra4 Kc6 48. Ra6+ Kb7 49. Ra4 Kc6 50. Rxb4 Rxa2 {Game drawn by mutual agreement} 1/2-1/2